[Event "World Senior chT-65 2019"]
[Site "Rhodes"]
[Date "2019.04.24"]
[Round "9.42"]
[White "Van de Wynkele, Herman"]
[Black "Murray, Jim G."]
[Result "1-0"]
[ECO "C15"]
[WhiteElo "2129"]
[BlackElo "1845"]
[Annotator "NA"]
[PlyCount "83"]
[EventDate "2019.04.16"]
[EventType "team-tourn"]
[EventCountry "GRE"]
[SourceTitle "playchess.com"]
[Source "ChessBase"]
[SourceQuality "1"]
[WhiteTeam "Belgium"]
[BlackTeam "Ireland"]
[WhiteTeamCountry "BEL"]
[BlackTeamCountry "IRL"]
[TimeControl "40/5400+30:1800+30"]

1. e4 e6 2. d4 d5 3. Nc3 Bb4 4. a3 Bxc3+ 5. bxc3 dxe4 6. f3 c5 7. Be3 Nc6 8. Qd2 Nf6 9. O-O-O Qa5 10. Kb2 O-O 11. fxe4 cxd4 12. cxd4 Qxd2 13. Rxd2 Nxe4 14. Rd1 b6 15. Bd3 Nf6 16. Nf3 h6 17. Rhf1 Bb7 18. h3 Rac8 19. g4 Na5 20. Ne5 Be4 21. Bxh6 Bxd3 22. Rxd3 Nd5 23. Bd2 Nc4+ 24. Nxc4 Rxc4 25. c3 Nf6 26. Re1 Rfc8 27. Rf3 Nd5 28. Ref1 R8c7 29. g5 g6 30. Be1 b5 31. Bg3 Rb7 32. Be5 a5 33. Kb3 Rc6 34. Re1 b4 35. axb4 a4+ 36. Kb2 Nb6 37. Bf6 Nc4+ 38. Ka2 Nd2 39. Rd3 Nc4 40. Re4 Kf8 41. d5 Rc8 42. Rh4 1-0

[Event "World Senior chT-65 2019"]
[Site "Rhodes"]
[Date "2019.04.24"]
[Round "9.43"]
[White "Gibson, John F."]
[Black "Van Herck, Marcel"]
[Result "1/2-1/2"]
[ECO "A36"]
[WhiteElo "1818"]
[BlackElo "2066"]
[Annotator "NA"]
[PlyCount "34"]
[EventDate "2019.04.16"]
[EventType "team-tourn"]
[EventCountry "GRE"]
[SourceTitle "playchess.com"]
[Source "ChessBase"]
[SourceQuality "1"]
[WhiteTeam "Ireland"]
[BlackTeam "Belgium"]
[WhiteTeamCountry "IRL"]
[BlackTeamCountry "BEL"]
[TimeControl "40/5400+30:1800+30"]

1. c4 Nf6 2. Nc3 g6 3. g3 Bg7 4. Bg2 O-O 5. e4 d6 6. Nge2 c5 7. O-O Nc6 8. d3 Nd4 9. h3 Ne8 10. f4 f5 11. Rb1 Rb8 $11 12. Kh2 a5 13. Be3 Nc7 14. a4 Bd7 15. b3 Bc6 16. Nb5 Nce6 17. Qd2 Nxe2 1/2-1/2

[Event "World Senior chT-65 2019"]
[Site "Rhodes"]
[Date "2019.04.24"]
[Round "9.44"]
[White "Schrickx, Frank"]
[Black "Lynch, Peter J."]
[Result "1/2-1/2"]
[ECO "B22"]
[WhiteElo "1823"]
[BlackElo "1696"]
[Annotator "NA"]
[PlyCount "92"]
[EventDate "2019.04.16"]
[EventType "team-tourn"]
[EventCountry "GRE"]
[SourceTitle "playchess.com"]
[Source "ChessBase"]
[SourceQuality "1"]
[WhiteTeam "Belgium"]
[BlackTeam "Ireland"]
[WhiteTeamCountry "BEL"]
[BlackTeamCountry "IRL"]
[TimeControl "40/5400+30:1800+30"]

1. e4 c5 2. c3 Nf6 3. e5 Nd5 4. d4 cxd4 5. cxd4 Nc6 6. Nf3 d6 7. Bc4 Nb6 8. Bb5 dxe5 9. Nxe5 Bd7 10. Nxd7 Nxd7 11. Nc3 e6 12. O-O Nf6 13. Qa4 Qb6 14. Be3 Nd5 15. Nxd5 exd5 16. Rac1 Rc8 17. Rc2 Be7 18. Rfc1 O-O 19. Bxc6 bxc6 20. b3 Rfd8 21. Rxc6 Rxc6 22. Qxc6 Qb8 23. Qc7 Bd6 24. Qxb8 Bxb8 25. g3 Kf8 26. Kf1 Ke7 27. Ke2 Bd6 28. Rc6 Rd7 29. Kd3 h6 30. Bd2 Rb7 31. Rc8 Rc7 32. Rg8 Kf6 33. Ra8 Ke7 34. b4 Kd7 35. a3 Kc6 36. Rb8 Re7 37. b5+ Kd7 38. Rb7+ Kc8 39. Rxe7 Bxe7 40. a4 Kb7 41. a5 Bd6 42. Kc3 g5 43. Kb3 f5 44. Bb4 Bc7 45. Bf8 Bxa5 46. Bxh6 g4 1/2-1/2